 Dungeon Crawl Stone Soup version 0.29.1-1-gd02db69 (webtiles) character file.

Game seed: 9720626446516054991

135 Zibbo the Covered (level 5, -3/42 HPs)
             Began as a Human Fighter on Feb 20, 2023.
             Slain by Blork the orc
             ... wielding a +4 dire flail of protection
              (10 damage)
             ... on level 4 of the Dungeon.
             The game lasted 00:14:46 (3469 turns).

Zibbo the Covered (Human Fighter)                   Turns: 3469, Time: 00:14:47

Health: -3/42      AC: 16    Str: 18    XL:     5   Next: 42%
Magic:  5/5        EV:  4    Int:  9    God:
Gold:   172        SH:  4    Dex: 12    Spells: 4/4 levels left

rFire   . . .      SeeInvis .   i - +2 short sword (protect)
rCold   + . .      Faith    .   c - +0 buckler
rNeg    . . .      Spirit   .   t - +0 chain mail
rPois   .          Reflect  .   (no helmet)
rElec   .          Harm     .   (no cloak)
rCorr   .          Rampage  .   (no gloves)
Will    .....                   (no boots)
Stlth   ..........              (no amulet)
HPRegen 0.14/turn               v - ring of protection from cold
MPRegen 0.09/turn               (no ring)

@: grasped by roots, under a protective aura, constricted
A: no striking features
a: no special abilities


You were on level 4 of the Dungeon.
You visited 1 branch of the dungeon, and saw 5 of its levels.

You collected 172 gold pieces.

Inventory:

Hand Weapons
 a - a +0 war axe
 i - a +2 short sword of protection (weapon)
 s - a +1 flail of protection
Missiles
 w - a poisoned dart (quivered)
Armour
 c - a +0 buckler (worn)
 t - a +0 chain mail (worn)
Jewellery
 v - a ring of protection from cold (left hand)
 x - a ring of wizardry
Wands
 b - a wand of paralysis (2)
 r - a wand of digging (3)
Scrolls
 g - 5 scrolls of identify {unknown}
 l - a scroll of fear {unknown}
 m - 2 scrolls of noise {unknown}
 o - a scroll of poison {unknown}
 p - a scroll of brand weapon {unknown}
 u - a scroll of teleportation {unknown}
Potions
 e - 2 potions of brilliance {unknown}
 f - 3 potions of attraction {unknown}
 h - 3 potions of curing {unknown}
 j - 3 potions of lignification {unknown}
 k - a potion of berserk rage {unknown}
 n - a potion of degeneration {unknown}
 q - a potion of invisibility {unknown}


   Skills:
 + Level 3.7 Fighting
 + Level 1.6 Short Blades
 + Level 2.6 Axes
 + Level 3.8 Armour
 + Level 0.8 Dodging
 + Level 0.1 Stealth
 + Level 3.5 Shields


You had 4 spell levels left.
You didn't know any spells.
Your spell library contained the following spells:

 Spells                   Type           Power      Damage    Failure   Level
 Summon Forest            Summ/Tloc      0%         N/A       100%        5
 Summon Mana Viper        Hex/Summ       0%         N/A       100%        5
 Summon Cactus Giant      Summ           0%         N/A       100%        6


Dungeon Overview and Level Annotations

Branches:
Dungeon (5/15)
 Temple: D:4-7

Altars:
Hepliaklqana

Annotations:
D:4 Blork the orc


Message History

HP restored.
There is a stone staircase leading up here.
You climb upwards.
Level annotation: Blork the orc
There is a stone staircase leading down here.
You throw a poisoned dart. The poisoned dart hits Blork the orc.
Blork the orc casts a spell.
Blork the orc seems to speed up.
You hit the gnoll.
Your weapon exudes an aura of protection.
The gnoll is lightly wounded.
The gnoll hits you but does no damage.
You closely miss the gnoll.
The gnoll is lightly wounded.
Blork the orc barely misses you. The gnoll hits you but does no damage.
You block Blork the orc's attack.
You hit the gnoll but do no damage.
The gnoll is lightly wounded.
Blork the orc zaps a wand.
The roots erupt in riotous growth!
The grasping roots grab you!
Blork the orc is unaffected.
The gnoll is unaffected.
The grasping roots constrict you. The gnoll barely misses you.
You hit the gnoll.
The gnoll is moderately wounded.
Blork the orc gestures at you while chanting.
The puff of flame hits you but does no damage.
The grasping roots constrict you.
Blork the orc points at you and mumbles some strange words.
The magic dart hits you! The grasping roots constrict you.
The gnoll hits you with a +0 club.
You closely miss the gnoll.
The gnoll is moderately wounded.
Blork the orc hits you with a +4 dire flail of protection!
The grasping roots constrict you. You block the gnoll's attack.
Blork the orc hits you with a +4 dire flail of protection!
* * * LOW HITPOINT WARNING * * *
The grasping roots constrict you.
The roots grasp on you weakens, but your attempt to escape fails.
Blork the orc hits you with a +4 dire flail of protection!
You die...

#..........#
#######.....(....#
#................#
#................#
#..........g.....#
#......#####.....+
#....).#...#...g.#
##......#...#.....#
#.......#.@.#.......
#.......#og.#....S..
#.......#.(.#.....[.
#.......#...#
#.......#...#
######.......#...#
#............#'#####
#......(.....#.....#
#..........(.'.....#


You could see Blork the orc (fast) and a gnoll.

Vanquished Creatures
  Terence (D:3)
  4 adders
  A worm (D:3)
  4 dart slugs
  3 orcs (D:3)
  6 ball pythons
  A bat (D:2)
  7 endoplasms
  4 giant cockroaches
  9 goblins
  4 jackals (D:1)
  A quokka (D:2)
  5 frilled lizards
  7 kobolds
  3 rats
60 creatures vanquished.

Notes
Turn   | Place    | Note
-------+----------+-------------------------------------------
     0 | D:1      | Zibbo the Human Fighter began the quest for the Orb.
     0 | D:1      | Reached XP level 1. HP: 18/18 MP: 1/1
    55 | D:1      | Reached XP level 2. HP: 16/24 MP: 2/2
   154 | D:1      | Found a faded altar of an unknown god.
   590 | D:1      | Reached XP level 3. HP: 18/29 MP: 3/3
  1512 | D:2      | Reached XP level 4. HP: 23/35 MP: 4/4
  2307 | D:3      | Noticed Terence
  2307 | D:3      | Found a hazy altar of Hepliaklqana.
  2315 | D:3      | Killed Terence
  2316 | D:3      | Reached skill level 1 in Short Blades
  2316 | D:3      | Reached XP level 5. HP: 28/41 MP: 5/5
  3234 | D:4      | Noticed Blork the orc
  3282 | D:5      | Entered Level 5 of the Dungeon
  3469 | D:4      | Slain by Blork the orc

Illustrated notes

Levels and vault maps discovered:
D:1:      dpeg_arrival_radiant, layout_basic,
          hellmonk_ecumenical_altar_defaced_shrine, minmay_pentomino_p2
D:2:      layout_basic, minmay_quantized
D:3:      layout_loops_cross, mainiacjoe_overflow_small_starburst, uniq_terence
D:4:      layout_gridville, uniq_blork_the_orc
D:5:      layout_cave_pools, mainiacjoe_overflow_alcove_2,
          minmay_temple_entry_gardened_gates, roderic_batcave, uniq_pikel,
          uniq_ijyb

Skill      XL: |  1  2  3  4 |
---------------+-------------+-----
Short Blades   | 1 |  1.6
Fighting       | |  3.7
Axes           | |  2.6
Armour         | |  3.8
Dodging        | |  0.8
Stealth        | |  0.1
Shields        | |  3.5

Action                   |  1- 3 |  4- 6 || total
-------------------------+-------+-------++-------
Melee: War axe           |    32 |       ||    32
       Short sword       |    61 |   114 ||   175
Throw: Dart              |       |    10 ||    10
  Use: Potion            |       |     2 ||     2
Armor: Scale mail        |    34 |    18 ||    52
       Chain mail        |       |    34 ||    34
Dodge: Dodged            |    43 |    40 ||    83
Block: Buckler           |    17 |    26 ||    43
